 Dungeon Crawl Stone Soup version 0.22.0 (webtiles) character file.

741 Frostfox the Shield-Bearer (level 7, -13/60 HPs)
             Began as a Gnoll Fighter on Aug 22, 2018.
             Mangled by an ogre
             ... wielding a +0 giant club
              (16 damage)
             ... on level 4 of the Dungeon.
             The game lasted 00:08:46 (3870 turns).

Frostfox the Shield-Bearer (Gnoll Fighter)          Turns: 3870, Time: 00:08:47

Health: -13/60     AC:  7    Str: 19    XL:     7   Next: 75%
Magic:  19/19      EV:  9    Int: 10    God:
Gold:   343        SH: 11    Dex: 16    Spells: 11/11 levels left

rFire    . . .     SeeInvis .   a - +0 long sword
rCold    . . .     Gourm    .   c - +0 shield
rNeg     . . .     Faith    .   b - +0 scale mail
rPois    .         Spirit   .   (no helmet)
rElec    .         Reflect  .   (no cloak)
rCorr    .         Harm     .   (no gloves)
MR       +....     Clarity  +   (no boots)
Stlth    +.........             e - amulet of the acrobat
HPRegen  0.20/turn              s - ring of protection from magic
MPRegen  0.16/turn              m - ring of magical power

@: no status effects
A: distributed training, claws 1, fangs 1, clarity, MP-powered wands, strong
nose
a: no special abilities


You were on level 4 of the Dungeon.
You were not hungry.

You visited 1 branch of the dungeon, and saw 5 of its levels.

You collected 343 gold pieces.

Inventory:

Hand Weapons
 a - a +0 long sword (weapon)
 g - a +0 dagger of venom
 l - a +0 hunting sling
Missiles
 j - 246 stones (quivered)
 k - 42 bolts
 n - 74 arrows
 r - 53 sling bullets
Armour
 b - a +0 scale mail (worn)
 c - a +0 shield (worn)
Jewellery
 e - an amulet of the acrobat (around neck)
 m - a ring of magical power (right claw)
 o - an uncursed ring of fire
 s - a ring of protection from magic (left claw)
 u - an uncursed amulet of faith
Scrolls
 p - a scroll of amnesia
Potions
 d - a potion of might
 q - a potion of curing
Comestibles
 f - 8 rations
 v - a chunk of flesh


   Skills:
 + Level 7.1 Fighting
 + Level 2.6 Short Blades
 + Level 5.3 Long Blades
 + Level 2.6 Axes
 + Level 2.6 Maces & Flails
 + Level 2.6 Polearms
 + Level 2.6 Staves
 + Level 2.6 Slings
 + Level 2.6 Bows
 + Level 2.6 Crossbows
 + Level 2.6 Throwing
 + Level 7.1 Armour
 + Level 2.6 Dodging
 + Level 2.6 Stealth
 + Level 7.1 Shields
 + Level 2.6 Unarmed Combat
 + Level 2.6 Spellcasting
 + Level 2.1 Conjurations
 + Level 2.1 Hexes
 + Level 2.1 Charms
 + Level 2.1 Summonings
 + Level 2.1 Necromancy
 + Level 2.1 Translocations
 + Level 2.1 Transmutations
 + Level 2.1 Fire Magic
 + Level 2.1 Ice Magic
 + Level 2.1 Air Magic
 + Level 2.1 Earth Magic
 + Level 2.1 Poison Magic
 + Level 2.9 Invocations
 + Level 2.6 Evocations


You had 11 spell levels left.
You didn't know any spells.
Your spell library was empty.

Dungeon Overview and Level Annotations

Branches:
Dungeon (5/15)
 Temple: D:4-7

Altars:
Okawaru
Xom


Innate Abilities, Weirdness & Mutations

Your experience applies equally to all skills.
You have very sharp teeth.
Your uncanny sense of smell can sniff out nearby items.
You have sharp fingernails.
You possess an exceptional clarity of mind.
You expend magic power (3 MP) to strengthen your wands.


Message History

You climb downwards.
You feel sick. You block the ogre's attack.
There is a stone staircase leading up here.
You block the ogre's attack. The scorpion barely misses you.
You climb upwards.
You feel sick.
There is a stone staircase leading down, spattered with blood here.
You can't go up here!
You slash the scorpion!
You kill the scorpion!
You block the ogre's attack.
You see here a scorpion corpse.
You feel sick.
You feel better. The ogre hits you with a giant club!
You slash the ogre! You bite the ogre, but do no damage.
The ogre is moderately wounded.
The ogre hits you with a giant club!!
* * * LOW HITPOINT WARNING * * *
You hit the ogre.
The ogre is moderately wounded.
The ogre hits you with a giant club!
You die...

..# #.# #...............).. ..#
#.# #....###.####.##.#.
..########.####....# #.# #.##.#.
.[.................# #.# #.##.#.
..########.##.###.####.# #<##.#.
### ####+#.........#.# #.##.#. #
#.......###......# #.##.#. #
#........#...#.#.####.##.#. #
#........O@..#.#.#....#..#. #
#................#....#.##.
#......>†###.#.#.#....#.##.
#####.....##.............<..##.
#...####'#######............##.
###...####.######......#.#....##.
................'...........#.##.
...........######...##.#.####.##.
##############.......#.#.#.......


You could see an ogre.

Vanquished Creatures
  An ogre (D:4)
  4 scorpions
  A centaur zombie (D:5)
  2 hounds (D:4)
  An orc priest (D:3)
  An orc wizard (D:3)
  4 worker ants
  Robin (D:4)
  3 gnolls (D:3)
  7 adders
  An ooze (D:3)
  6 worms
  4 dart slugs
  A leopard gecko (D:4)
  3 orcs
  2 ball pythons
  3 bats
  3 giant cockroaches
  15 goblins
  8 hobgoblins
  11 jackals
  A quokka (D:3)
  6 frilled lizards
  12 kobolds
  4 rats
  A fungus (D:2)
106 creatures vanquished.

Notes
Turn   | Place    | Note
-------+----------+-------------------------------------------
     0 | D:1      | Frostfox the Gnoll Fighter began the quest for the Orb.
     0 | D:1      | Reached XP level 1. HP: 23/23 MP: 1/1
    36 | D:1      | Reached XP level 2. HP: 28/29 MP: 2/2
   485 | D:2      | Reached XP level 3. HP: 35/35 MP: 3/3
   545 | D:2      | You fall through a shaft!
   670 | D:3      | Reached skill level 1 in Invocations
   776 | D:3      | Reached skill level 1 in Short Blades
   776 | D:3      | Reached skill level 1 in Axes
   776 | D:3      | Reached skill level 1 in Maces & Flails
   776 | D:3      | Reached skill level 1 in Polearms
   776 | D:3      | Reached skill level 1 in Staves
   776 | D:3      | Reached skill level 1 in Slings
   776 | D:3      | Reached skill level 1 in Bows
   776 | D:3      | Reached skill level 1 in Crossbows
   776 | D:3      | Reached skill level 1 in Throwing
   776 | D:3      | Reached skill level 1 in Dodging
   776 | D:3      | Reached skill level 1 in Stealth
   776 | D:3      | Reached skill level 1 in Unarmed Combat
   776 | D:3      | Reached skill level 1 in Spellcasting
   776 | D:3      | Reached skill level 1 in Evocations
   776 | D:3      | Reached XP level 4. HP: 41/41 MP: 5/5
   894 | D:2      | Reached skill level 1 in Conjurations
   894 | D:2      | Reached skill level 1 in Hexes
   894 | D:2      | Reached skill level 1 in Charms
   894 | D:2      | Reached skill level 1 in Summonings
   894 | D:2      | Reached skill level 1 in Necromancy
   894 | D:2      | Reached skill level 1 in Translocations
   894 | D:2      | Reached skill level 1 in Transmutations
   894 | D:2      | Reached skill level 1 in Fire Magic
   894 | D:2      | Reached skill level 1 in Ice Magic
   894 | D:2      | Reached skill level 1 in Air Magic
   894 | D:2      | Reached skill level 1 in Earth Magic
   894 | D:2      | Reached skill level 1 in Poison Magic
   979 | D:2      | Reached XP level 5. HP: 42/47 MP: 6/6
  1533 | D:2      | Gained mutation: You possess an exceptional clarity of mind. [potion of mutation]
  1533 | D:2      | Gained mutation: You expend magic power (3 MP) to strengthen your wands. [potion of mutation]
  1533 | D:2      | Gained mutation: You have sharp fingernails. [potion of mutation]
  2422 | D:4      | Reached XP level 6. HP: 53/53 MP: 8/8
  2476 | D:4      | Noticed Robin
  2487 | D:4      | Killed Robin
  2528 | D:4      | Found an iron altar of Okawaru.
  2777 | D:4      | Reached skill level 5 in Long Blades
  2783 | D:4      | Reached XP level 7. HP: 5/59 MP: 8/10
  3755 | D:5      | Entered Level 5 of the Dungeon
  3772 | D:5      | Found a shimmering altar of Xom.
  3869 | D:4      | HP: 3/60 [ogre/giant club (20)]
  3870 | D:4      | Mangled by an ogre

Skill      XL: |  1  2  3  4  5  6  7 |
---------------+----------------------+-----
Invocations    | 1 2 |  2.9
Short Blades   | 1 2 |  2.6
Axes           | 1 2 |  2.6
Maces & Flails | 1 2 |  2.6
Polearms       | 1 2 |  2.6
Staves         | 1 2 |  2.6
Slings         | 1 2 |  2.6
Bows           | 1 2 |  2.6
Crossbows      | 1 2 |  2.6
Throwing       | 1 2 |  2.6
Dodging        | 1 2 |  2.6
Stealth        | 1 2 |  2.6
Unarmed Combat | 1 2 |  2.6
Spellcasting   | 1 2 |  2.6
Evocations     | 1 2 |  2.6
Conjurations   | 1 2 |  2.1
Hexes          | 1 2 |  2.1
Charms         | 1 2 |  2.1
Summonings     | 1 2 |  2.1
Necromancy     | 1 2 |  2.1
Translocations | 1 2 |  2.1
Transmutations | 1 2 |  2.1
Fire Magic     | 1 2 |  2.1
Ice Magic      | 1 2 |  2.1
Air Magic      | 1 2 |  2.1
Earth Magic    | 1 2 |  2.1
Poison Magic   | 1 2 |  2.1
Long Blades    | 5 |  5.3
Fighting       | 7 |  7.1
Armour         | 7 |  7.1
Shields        | 7 |  7.1

Action                   |  1- 3 |  4- 6 |  7- 9 || total
-------------------------+-------+-------+-------++-------
Melee: Long sword        |    91 |   198 |    91 ||   380
       Bite              |     8 |    27 |    23 ||    58
  Use: Scroll            |       |     5 |     3 ||     8
       Potion            |       |     4 |     3 ||     7
  Eat: Chunk             |       |     3 |     4 ||     7
       Ration            |       |     1 |       ||     1
Armor: Scale mail        |    34 |    59 |    23 ||   116
Dodge: Dodged            |    42 |    61 |    36 ||   139
Block: Shield            |    53 |    86 |    70 ||   209
       Rpst.: Long sword |     8 |    15 |     9 ||    32
